 Dungeon Sprint DCSS version 0.30-a0-335-ge5acde7520 (webtiles) character file.

Game seed: 1846248606970081416

32343 mhtbhm the Tortoise (level 13, -7/213 HPs)
             Began as an Armataur Fighter on Oct 30, 2022.
             Was an Initiate of Gozag.
             Killed by angry trees
             ... awakened by a spriggan druid
              (10 damage)
             ... in the Dungeon (Sprint IX: "|||||||||||||||||||||||||||||").
             The game lasted 00:14:09 (6759 turns).

mhtbhm the Tortoise (Armataur Fighter)              Turns: 6759, Time: 00:14:10

Health: -7/213     AC: 22    Str: 25    XL:     13   Next: 30%
Magic:  13/13      EV: 10    Int:  9    God:    Gozag
Gold:   313        SH: 12    Dex: 11    Spells: 12/12 levels left

rFire   + . .      SeeInvis +    a - +2 morningstar (protect)
rCold   + + +      Faith    .    c - +0 kite shield {reflect}
rNeg    . . .      Spirit   .    b - +4 chain mail {rC+}
rPois   +          Reflect  +    m - +1 helmet
rElec   +          Harm     .    g - +0 cloak
rCorr   +          Roll     +    i - +3 pair of gloves "Cyewn" {+Inv rC+}
Will    .....      NoTele   +    (no barding)
Stlth   ..........               A - amulet "Zialyz" {RegenMP Rampage rC+}
HPRegen 0.55/turn                l - ring of see invisible
MPRegen 0.53/turn                o - +2 ring of evasion

@: berserking, resistant, corroded, under a protective aura, invisible, very
quick
A: large, rugged brown scales 3, deformed body, armoured tail, roll, long
tongue, awkward tongue
a: Renounce Religion, Evoke Invisibility, Potion Petition, Call Merchant, Bribe
Branch


You were in the Dungeon.
You worshipped Gozag.
Gozag was aware of your devotion.
You visited 1 branch You collected 11491 gold pieces.
You spent 2495 gold pieces at shops.
You paid 8683 gold pieces to Gozag.

Inventory:

Hand Weapons
 a - a +2 morningstar of protection (weapon)
Armour
 b - a +4 chain mail of cold resistance (worn)
 c - a +0 kite shield of reflection (worn)
 g - a +0 cloak (worn)
 i - the +3 pair of gloves "Cyewn" (worn) {+Inv rC+}
   (You bought it in a shop in the Dungeon)

   rC:        It protects you from cold.
   +Inv:      It lets you turn invisible.
 m - a +1 helmet (worn)
Jewellery
 l - a ring of see invisible (left hand)
 n - a +2 ring of protection
 o - a +2 ring of evasion (right hand)
 t - a ring of fire
 u - a ring of willpower
 v - a ring of protection from cold
 A - the amulet "Zialyz" (around neck) {RegenMP Rampage rC+}
   (You bought it in a shop in the Dungeon)

   [amulet of magic regeneration]

   It increases your rate of magic regeneration.
   rC:        It protects you from cold.
   Rampage:   It bestows one free step when moving towards enemies.
Scrolls
 k - 2 scrolls of amnesia
 q - 4 scrolls of enchant armour
 y - a scroll of identify
Potions
 h - 4 potions of magic
 p - a potion of brilliance
 w - 2 potions of might


   Skills:
 + Level 17.5 Fighting
 + Level 16.7 Maces & Flails
 + Level 19.7 Armour
 + Level 6.4 Dodging
 - Level 12.9 Stealth
 + Level 14.9 Shields
 + Level 5.0 Evocations


You had 12 spell levels left.
You didn't know any spells.
Your spell library contained the following spells:

 Spells                   Type           Power      Damage    Failure   Level
 Fireball                 Conj/Fire      0%         3d3       100%        5
 Iskenderun's Battlesphe  Conj           0%         2d6       100%        5
 Conjure Ball Lightning   Conj/Air       0%         3x3d6     100%        6
 Orb of Destruction       Conj           0%         9d5       100%        7


Dungeon Overview and Level Annotations

Branches:
Dungeon (1/1)

Altars:
Cheibriados
Dithmenos
Elyvilon
Fedhas
Gozag
Hepliaklqana
Kikubaaqudgha
Makhleb
Nemelex Xobeh
Okawaru
Qazlal
Ru
Sif Muna
Trog
Uskayaw
Vehumet
Wu Jian
Xom
Yredelemnul
Zin
The Shining One
Jiyva
Lugonu

Shops:
D [:!(=[=(


Innate Abilities, Weirdness & Mutations

You are completely covered in rugged brown scales. (AC +3, +7% HP)
Armour fits poorly on your strangely shaped body.
You have a long armoured tail.
You roll when moving toward enemies. (Rampage)
Your long tongue fully drains potion bottles. (2x potion effects)
Your tongue gives you trouble enunciating. (1.5x scroll delay)


Message History

The eleionoma is healed.
You barely miss the eleionoma.
The eleionoma is moderately wounded.
The goliath frog hits you.
* * * LOW HITPOINT WARNING * * *
You are splashed with acid.
You resist.
* * * LOW HITPOINT WARNING * * *
You hit the eleionoma.
The eleionoma is moderately wounded.
The eleionoma hits you!
* * * LOW HITPOINT WARNING * * *
The spriggan druid mumbles some strange words.
The forest starts to sway and rumble!
The goliath frog hits you!
* * * LOW HITPOINT WARNING * * *
You are splashed with acid.
You resist.
* * * LOW HITPOINT WARNING * * *
You hit the eleionoma but do no damage.
You tail-slap the eleionoma, but do no damage.
The eleionoma is moderately wounded.
You impale the eleionoma!!
The eleionoma is severely wounded.
You are hit by a branch!
* * * LOW HITPOINT WARNING * * *
The eleionoma closely misses you. The goliath frog hits you.
* * * LOW HITPOINT WARNING * * *
You are splashed with acid.
You resist.
* * * LOW HITPOINT WARNING * * *
Unknown command.
You catch the helpless eleionoma completely off-guard!
You hit the eleionoma.
The eleionoma is severely wounded.
The spriggan druid calls out to the beasts of the wild!
You block the eleionoma's attack.
You catch the helpless eleionoma completely off-guard!
You thump the eleionoma!
You tail-slap the eleionoma, but do no damage.
The eleionoma is almost dead.
You are hit by a branch!
You die...
Your body crumbles into a pile of gold.

_▓.▓.▓.▓[▓.▓.▓.♣
_▓.▓.▓.▓[▓.▓.▓.♣x♣
_▓.▓.▓.▓[▓.▓.▓.♣D♣
_▓.▓'▓.▓.▓.▓[▓.♣v♣
_▓.▓.▓.▓)▓.▓[▓.♣i♣
_▓.▓.▓[▓[▓.▓[▓.♣t♣
_▓.▓[▓.▓[▓.▓[▓.♣D♣
_▓.▓.▓[▓'▓(▓[▓.♣F♣
_▓.▓.▓.▓.▓.▓[▓.♣@♣
_▓.▓.▓.▓[▓.▓[▓.♣R♣
_▓.▓.▓.▓)▓.▓[▓.▓y▓
_▓.▓.▓.▓[▓.▓.▓.▓.▓
_▓.▓.▓.▓(▓.▓)▓.▓.▓
_▓.▓'▓.▓)▓.▓)▓.▓.▓
_▓.▓.▓.▓.▓.▓)▓.▓.▓
_▓.▓.▓.▓[▓.▓)▓.▓∩▓
_▓.▓.▓.▓[▓.▓)▓.▓.▓


You could see a bunyip (unable to see you), an eleionoma (unable to see you), an
alligator (swift, unable to see you), a seven-headed hydra (unable to see you),
a five-headed hydra (unable to see you), a moth of wrath (unable to see you), a
spriggan druid, a goliath frog (unable to see you) and a will-o-the-wisp.

Vanquished Creatures
  Gastronok (D)
  Donald (D)
  A frost giant (D)
  An emperor scorpion (D)
  3 stone giants (D)
  An ettin (D)
  A fire dragon (D)
  Erolcha (D)
  2 ogre magi (D)
  2 hydras (D)
  A death knight (D)
  2 centaur warriors (D)
  A boulder beetle (D)
  A tengu warrior (D)
  2 two-headed ogres (D)
  6 orc high priests (D)
  A skeletal warrior (D)
  An orb spider (D)
  A lindwurm (D)
  9 orc knights (D)
  A will-o-the-wisp (D)
  A wolf spider (D)
  An ugly thing (D)
  An elephant (D)
  A black mamba (D)
  A gargoyle (D)
  A kobold demonologist (D)
  3 cane toads (D)
  2 demonic crawlers (D)
  A rime drake (D)
  A meliai (shapeshifter) (D)
  A polar bear (D)
  A tarantella (D)
  4 tyrant leeches (D)
  A slime creature (D)
  2 jumping spiders (D)
  4 yaks (D)
  Eustachio (D)
  A wraith (D)
  2 basilisks (D)
  2 vampire mosquitoes (D)
  3 water moccasins (D)
  A black bear (D)
  10 orc warriors (D)
  A boggart (D)
  A wolf (D)
  A bullfrog (D)
  3 scorpions (D)
  2 orc priests (D)
  5 orc wizards (D)
  3 worms (D)
  8 orcs (D)
  An endoplasm (D)
  A goblin (D)
  A kobold (D)
  2 rats (D)
115 creatures vanquished.

Notes
Turn   | Place    | Note
-------+----------+-------------------------------------------
     0 | D        | mhtbhm the Armataur Fighter began the quest for the Orb.
     0 | D        | Reached XP level 1. HP: 19/19 MP: 1/1
     6 | D        | Reached skill level 4 in Armour
    12 | D        | Banished a spatial maelstrom
    90 | D        | Noticed a scorpion
    90 | D        | Noticed a black bear
    90 | D        | Noticed a scorpion
    90 | D        | Noticed a scorpion
    95 | D        | Killed a scorpion
    96 | D        | Reached skill level 6 in Armour
    96 | D        | Reached skill level 5 in Shields
    96 | D        | Reached XP level 2. HP: 29/29 MP: 2/2
    96 | D        | Reached XP level 3. HP: 36/36 MP: 3/3
   100 | D        | Killed a scorpion
   101 | D        | Reached skill level 5 in Fighting
   101 | D        | Reached skill level 7 in Armour
   101 | D        | Reached XP level 4. HP: 25/44 MP: 4/4
   102 | D        | Killed a black bear
   103 | D        | Reached skill level 8 in Armour
   103 | D        | Reached XP level 5. HP: 25/53 MP: 5/5
   106 | D        | Reached skill level 9 in Armour
   106 | D        | Reached XP level 6. HP: 27/62 MP: 6/6
   137 | D        | Found a snail-covered altar of Cheibriados.
   137 | D        | Found a shadowy altar of Dithmenos.
   137 | D        | Found a white marble altar of Elyvilon.
   137 | D        | Found a blossoming altar of Fedhas.
   137 | D        | Found an opulent altar of Gozag.
   138 | D        | Found a hazy altar of Hepliaklqana.
   139 | D        | Found a viscous altar of Jiyva.
   140 | D        | Found an ancient bone altar of Kikubaaqudgha.
   141 | D        | Found a corrupted altar of Lugonu.
   142 | D        | Found a burning altar of Makhleb.
   143 | D        | Found a sparkling altar of Nemelex Xobeh.
   144 | D        | Found an iron altar of Okawaru.
   145 | D        | Found a stormy altar of Qazlal.
   146 | D        | Found a sacrificial altar of Ru.
   147 | D        | Found a shimmering blue altar of Sif Muna.
   151 | D        | Became a worshipper of Gozag Ym Sagoz the Greedy
   155 | D        | Found a bloodstained altar of Trog.
   156 | D        | Found a hide-covered altar of Uskayaw.
   157 | D        | Found a radiant altar of Vehumet.
   158 | D        | Found an ornate altar of the Wu Jian Council.
   159 | D        | Found a shimmering altar of Xom.
   160 | D        | Found a basalt altar of Yredelemnul.
   161 | D        | Found a glowing silver altar of Zin.
   162 | D        | Found a glowing golden altar of the Shining One.
   275 | D        | Noticed an orc warrior
   275 | D        | Noticed a two-headed ogre
   275 | D        | Noticed a yak
   275 | D        | Noticed a two-headed ogre
   275 | D        | Noticed a wraith
   275 | D        | Noticed a gargoyle
   278 | D        | Killed an orc warrior
   279 | D        | Reached skill level 5 in Maces & Flails
   279 | D        | Reached skill level 10 in Armour
   279 | D        | Killed a wraith
   279 | D        | Killed a two-headed ogre
   279 | D        | Killed a yak
   280 | D        | Reached skill level 12 in Armour
   280 | D        | Reached skill level 1 in Dodging
   280 | D        | Reached XP level 7. HP: 25/74 MP: 7/7
   280 | D        | Reached XP level 8. HP: 28/83 MP: 8/8
   283 | D        | Killed a gargoyle
   284 | D        | Reached skill level 13 in Armour
   284 | D        | Killed a two-headed ogre
   285 | D        | Reached skill level 10 in Fighting
   285 | D        | Reached skill level 14 in Armour
   285 | D        | Reached skill level 10 in Shields
   285 | D        | Reached XP level 9. HP: 64/90 MP: 9/9
   359 | D        | Noticed a cyan ugly thing
   359 | D        | Noticed a kobold demonologist
   371 | D        | Killed a cyan ugly thing
   372 | D        | Reached skill level 1 in Stealth
   376 | D        | Killed a kobold demonologist
   377 | D        | Reached skill level 15 in Armour
   665 | D        | Noticed a black mamba
   665 | D        | Noticed a cane toad
   665 | D        | Noticed a polar bear
   676 | D        | Killed a polar bear
   677 | D        | Noticed a cane toad
   679 | D        | Killed a cane toad
   680 | D        | Reached skill level 10 in Maces & Flails
   680 | D        | Reached skill level 5 in Stealth
   680 | D        | Reached XP level 10. HP: 65/101 MP: 10/10
   680 | D        | Killed a cane toad
   680 | D        | Killed a black mamba
   680 | D        | Noticed a cane toad
   691 | D        | Killed a cane toad
   849 | D        | Noticed a five-headed hydra
   849 | D        | Noticed an elephant
   849 | D        | Noticed a four-headed hydra
   855 | D        | Killed a four-headed hydra
   869 | D        | Killed an elephant
  1076 | D        | Killed a five-headed hydra
  1276 | D        | Noticed a lindwurm
  1643 | D        | Reached XP level 11. HP: 95/112 MP: 11/11
  1668 | D        | Reached skill level 16 in Armour
  1668 | D        | Reached skill level 5 in Evocations
  1671 | D        | Killed a lindwurm
  1904 | D        | Noticed Gastronok
  1921 | D        | Killed Gastronok
  1939 | D        | Noticed Erolcha
  1951 | D        | Killed Erolcha
  1952 | D        | Reached skill level 10 in Stealth
  2144 | D        | Noticed an orc knight
  2144 | D        | Noticed an orc high priest
  2159 | D        | Killed an orc high priest
  2171 | D        | Killed an orc knight
  2315 | D        | Found Tuxodo's Jewellery Boutique.
  2315 | D        | Noticed an orc high priest
  2315 | D        | Noticed an orc high priest
  2315 | D        | Noticed an orc high priest
  2315 | D        | Noticed an orc high priest
  2315 | D        | Noticed an orc knight
  2317 | D        | Noticed a sixfirhy
  2442 | D        | Killed an orc knight
  2628 | D        | Noticed a sun demon
  2660 | D        | Killed an orc high priest
  2837 | D        | Killed an orc high priest
  2914 | D        | Killed an orc high priest
  2951 | D        | Noticed an orc knight
  2955 | D        | Noticed an orc knight
  2956 | D        | Noticed a soul eater
  2971 | D        | Killed an orc high priest
  3010 | D        | Killed an orc knight
  3011 | D        | Reached XP level 12. HP: 54/126 MP: 12/12
  3419 | D        | Noticed an orc high priest
  3431 | D        | Killed an orc high priest
  3432 | D        | Reached skill level 5 in Dodging
  3481 | D        | Found Mowkip's Weapon Shop.
  3485 | D        | Found Faptous's Distillery.
  3489 | D        | Found Oqoisoed's Book Shop.
  3692 | D        | Reached skill level 15 in Maces & Flails
  3692 | D        | Reached skill level 17 in Armour
  3696 | D        | Bought the +3 pair of gloves "Cyewn" {+Inv rC+} for 648
                  | gold pieces
  4129 | D        | Reached skill level 15 in Fighting
  4624 | D        | Bought a potion of haste for 110 gold pieces
  4624 | D        | Bought a potion of invisibility for 88 gold pieces
  4624 | D        | Bought a potion of invisibility for 88 gold pieces
  4624 | D        | Bought a potion of curing for 33 gold pieces
  4624 | D        | Bought a potion of curing for 33 gold pieces
  4666 | D        | Noticed Eustachio
  4698 | D        | Killed Eustachio
  4758 | D        | Found the +13 scythe of Curses {drain, Drain}
  4844 | D        | Bought the amulet "Zialyz" {RegenMP Rampage rC+} for 616
                  | gold pieces
  4849 | D        | Noticed a centaur warrior
  4849 | D        | Noticed a centaur warrior
  4849 | D        | Noticed a death knight
  4849 | D        | Noticed an ogre mage
  4852 | D        | Paralysed by an ogre mage for 5 turns
  4857 | D        | Noticed a frost giant
  4863 | D        | Paralysed by an ogre mage for 5 turns
  4869 | D        | Killed an ogre mage
  4870 | D        | Noticed a stone giant
  4881 | D        | Killed a death knight
  4885 | D        | Noticed an ogre mage
  4885 | D        | Noticed an ettin
  4892 | D        | Noticed a stone giant
  4897 | D        | Killed a frost giant
  4905 | D        | Killed a stone giant
  4906 | D        | Noticed a tengu warrior
  4912 | D        | Killed a centaur warrior
  4913 | D        | Reached skill level 18 in Armour
  4913 | D        | Noticed a stone giant
  4916 | D        | Killed a centaur warrior
  4917 | D        | Noticed a fire dragon
  5278 | D        | Killed a stone giant
  5311 | D        | Bought a transparent plate armour for 784 gold pieces
  5311 | D        | Identified the +1 plate armour of Resonance {rPois rN++
                  | MP+9 Dex-3} (You bought it in a shop in the Dungeon)
  5541 | D        | Killed an ogre mage
  5572 | D        | HP: 5/131 [stone giant (21)]
  5582 | D        | Killed a stone giant
  5954 | D        | Killed an ettin
  5990 | D        | Killed a tengu warrior
  5991 | D        | Reached XP level 13. HP: 67/139 MP: 13/13
  6022 | D        | Killed a fire dragon
  6263 | D        | Noticed Donald
  6273 | D        | Killed Donald
  6274 | D        | Reached skill level 19 in Armour
  6380 | D        | Noticed an emperor scorpion
  6425 | D        | Killed an emperor scorpion
  6718 | D        | Bought a +0 morningstar of protection for 95 gold pieces
  6726 | D        | Noticed an eleionoma
  6738 | D        | Noticed a bunyip
  6757 | D        | HP: 8/213 [spriggan druid/angry trees (12)]
  6757 | D        | HP: 2/213 [acid (4)]
  6759 | D        | Killed from afar by a spriggan druid

Illustrated notes

Levels and vault maps discovered:
D:        linesprint [early_d, line_temple, items_1, d_10, items_2, lair_1,
          lair_end, items_3, orc_1, orc_end, items_4, d_15, swamp_1, shoals_1,
          snake_1, spider_1, d_20, vaults_1, items_5, swamp_end, shoals_end,
          snake_end, spider_end, vaults_end, d_27, items_6, zot_1, zot_end,
          crypt_end, forest_end, elf_end, slime_end, tomb_end, abyss_end,
          pan_hell_end]

Skill      XL: |  1  2  3  4  5  6  7  8  9 10 11 12 13 |
---------------+----------------------------------------+-----
Fighting       | 4 5 6 9 10 11 12 14 16 17 | 17.5
Armour         | 6 7 8 9 12 14 15 16 18 19 | 19.7
Maces & Flails | 2 3 4 7 8 10 12 14 16 | 16.7
Shields        | 5 6 7 9 10 11 12 14 | 14.9
Dodging        | 1 2 3 4 6 |  6.4
Evocations     | 2 3 4 5 |  5.0
Stealth        | 5 9 11 12 | 12.9

Action                   |  1- 3 |  4- 6 |  7- 9 | 10-12 | 13-15 || total
-------------------------+-------+-------+-------+-------+-------++-------
Melee: Flail             |    19 |     5 |    64 |   672 |    75 ||   835
       Tailslap          |     3 |     1 |    14 |   150 |    27 ||   195
       Morningstar       |       |       |       |       |    30 ||    30
Invok: Potion Petition   |       |       |       |     7 |     4 ||    11
       Call Merchant     |       |       |       |     3 |     1 ||     4
Evoke: Wand              |       |     4 |     4 |     2 |       ||    10
  Use: Potion            |     1 |       |     2 |    20 |     3 ||    26
       Scroll            |       |       |       |     7 |     3 ||    10
 Stab: Invisible         |       |       |    10 |     4 |    10 ||    24
       Distracted        |       |       |       |     7 |     2 ||     9
       Sleeping          |       |       |       |     3 |     1 ||     4
Armor: Scale mail        |     5 |     3 |    24 |    87 |       ||   119
       Plate armour      |       |       |       |    19 |     7 ||    26
       Chain mail        |       |       |       |       |    52 ||    52
Dodge: Dodged            |     3 |       |    36 |   140 |    43 ||   222
Block: Buckler           |     2 |     1 |    13 |    94 |     5 ||   115
       Kite shield       |       |       |       |       |    51 ||    51

Table legend: (Time is in decaauts)
 A = Elapsed time spent in this place.
 B = Non-inter-level travel time spent in this place.
 C = Inter-level travel time spent in this place.
 D = Time resting spent in this place.
 E = Time spent auto-exploring this place.
 F = Levels seen in this place.
 G = Mean time per level.
                   A        B        C        D        E       F      G
               +--------+--------+--------+--------+--------+-----+--------+
         Total |   6473 |   6473 |      0 |   2996 |   1164 |   1 | 6473.0 |
       Dungeon |   6473 |   6473 |      0 |   2996 |   1164 |   1 | 6473.0 |
               +--------+--------+--------+--------+--------+-----+--------+

Top non-repeatable levels by time:
       D: 6473 daAuts
